 Dungeon Crawl Stone Soup version 0.31.0-32-g396128a36d (webtiles) character file.

Game seed: 15411179535111562030

2722 601d51SH the Covert (level 9, -1/63 HPs)
             Began as a Gnoll Brigand on Mar 31, 2024.
             Was a Follower of Hepliaklqana.
             Succumbed to metalburner8's ghost's poison
             ... on level 6 of the Dungeon.
             The game lasted 00:21:06 (6738 turns).

601d51SH the Covert (Gnoll Brigand)                 Turns: 6738, Time: 00:21:06

Health: -1/63      AC: 18    Str: 14    XL:     9   Next: 66%
Magic:  1/15       EV: 12    Int: 10    God:    Hepliaklqana [*.....]
Gold:   437        SH:  9    Dex: 15    Spells: 17/17 levels left

rFire   + . .        x - +8 hammer of Freehold {protect, rF+ rN+ rCorr}
rCold   + . .        u - +0 kite shield
rNeg    + + .        O - +3 leather armour {rC+}
rPois   +            R - +2 hat
rElec   .            z - +2 cloak {rPois}
rCorr   +            (no gloves)
SInv    .            (no boots)
Will    +....        l - amulet of guardian spirit
Stlth   ++++         A - ring of flight
HPRegen 0.30/turn    K - ring of positive energy
MPRegen 0.14/turn

%: guardian spirit
@: lethally poisoned (-1 -> -14), under a protective aura, enlightened, flying
A: reduced essence, fangs 1, strong nose, distributed training
a: Renounce Religion, Recall Ancestor, Ancestor Identity


You were on level 6 of the Dungeon.
You worshipped Hepliaklqana.
Hepliaklqana was aware of your devotion.
You visited 2 branches of the dungeon, and saw 9 of its levels.

You collected 437 gold pieces.

Inventory:

Hand Weapons
 x - the +8 hammer of Freehold (weapon) {protect, rF+ rN+ rCorr}
   (You found it on level 2 of the Dungeon)

   rF+:       It protects you from fire.
   rN+:       It protects you from negative energy.
   rCorr:     It protects you from acid and corrosion.
 y - a +3 quarterstaff of chaos
 Q - a +2 falchion of holy wrath
Missiles
 d - 20 poisoned darts (quivered)
 e - 3 curare-tipped darts
 r - 10 javelins
Armour
 b - the +3 leather armour of an ice cave {rElec Int+3 Dex-4 Stlth+}
   (You found it on level 8 of the Dungeon)

   Int+3:     It affects your intelligence (+3).
   Dex-4:     It affects your dexterity (-4).
   rElec:     It insulates you from electricity.
   Stlth+:    It makes you more stealthy.
 u - a +0 kite shield (worn)
 z - a +2 cloak of poison resistance (worn)
 O - a +3 leather armour of cold resistance (worn)
 R - a +2 hat (worn)
Jewellery
 l - an amulet of guardian spirit (around neck)
 A - a ring of flight (left hand)
 K - a ring of positive energy (right hand)
Wands
 a - a wand of digging (6)
 F - a wand of roots (8)
Scrolls
 f - a scroll of amnesia {unknown}
 j - a scroll of vulnerability {unknown}
 m - 2 scrolls of blinking
 q - a scroll of noise {unknown}
 s - a scroll of teleportation
 t - a scroll of fear {unknown}
 v - 2 scrolls of immolation {unknown}
 w - a scroll of butterflies {unknown}
 C - a scroll of silence {unknown}
 E - 2 scrolls of fog {unknown}
 L - a scroll of poison {unknown}
 M - 3 scrolls of acquirement
Potions
 c - a potion of heal wounds {unknown}
 i - a potion of mutation
 k - 3 potions of curing
 n - 2 potions of cancellation
 o - a potion of enlightenment
 B - 4 potions of resistance
 D - 2 potions of brilliance
 G - a potion of magic {unknown}
 H - a potion of berserk rage {unknown}
 N - a potion of haste {unknown}
 P - a potion of attraction {unknown}


   Skills:
 + Level 6.6 Fighting
 + Level 6.6 Short Blades
 + Level 4.6 Long Blades
 + Level 4.6 Axes
 + Level 4.6 Maces & Flails
 + Level 4.6 Polearms
 + Level 4.6 Staves
 + Level 4.6 Ranged Weapons
 + Level 6.6 Throwing
 + Level 4.6 Armour
 + Level 5.4 Dodging
 + Level 9.1 Stealth
 + Level 4.6 Shields
 + Level 4.6 Unarmed Combat
 + Level 4.6 Spellcasting
 + Level 3.8 Conjurations
 + Level 3.8 Hexes
 + Level 3.8 Summonings
 + Level 3.8 Necromancy
 + Level 3.8 Translocations
 + Level 3.8 Fire Magic
 + Level 3.8 Ice Magic
 + Level 3.8 Air Magic
 + Level 3.8 Earth Magic
 + Level 3.8 Alchemy
 + Level 5.1 Invocations
 + Level 4.6 Evocations
 + Level 4.2 Shapeshifting


You had 17 spell levels left.
You didn't know any spells.
Your spell library contained the following spells:

 Spells                   Type           Power      Damage    Failure   Level
 Shock                    Conj/Air       40%        1d5       19%         1
 Lesser Beckoning         Tloc           20%        N/A       28%         2
 Sublimation of Blood     Necr           10%        N/A       28%         2
 Dazzling Flash           Conj/Hex       20%        N/A       50%         3
 Gell's Gravitas          Tloc           10%        N/A       50%         3
 Inner Flame              Hex/Fire       10%        N/A       50%         3
 Mephitic Cloud           Conj/Alch/Air  10%        N/A       50%         3
 Swiftness                Air            10%        N/A       50%         3
 Teleport Other           Tloc           10%        N/A       50%         3
 Airstrike                Air            5%         2d(1-17)  88%         4
 Flame Wave               Conj/Fire      10%        2d6       88%         4
 Petrify                  Alch/Erth      10%        N/A       88%         4
 Sticky Flame             Fire/Alch      10%        2d5       88%         4
 Curse of Agony           Necr           10%        N/A       99%         5
 Irradiate                Conj/Alch      5%         3d13      99%         5
 Silence                  Hex/Air        5%         N/A       99%         5


Dungeon Overview and Level Annotations

Branches:
Dungeon (8/15)             Temple (1/1) D:6
   Lair: D:8-11

Altars:
Ashenzari
Cheibriados
Dithmenos
Elyvilon
Fedhas
Gozag
Hepliaklqana
Kikubaaqudgha
Makhleb
Nemelex Xobeh
Okawaru
Qazlal
Ru
Sif Muna
Trog
Uskayaw
Vehumet
Wu Jian
Xom
Yredelemnul
Zin
The Shining One

Annotations:
D:6 metalburner8's ghost, novice DrIE
D:7 1 runed translucent door


Innate Abilities, Weirdness & Mutations

Your life essence is reduced to manifest your ancestor. (-10% HP)
You have very sharp teeth.
Your uncanny sense of smell can sniff out nearby items.
Your experience applies equally to all skills.


Message History

The roots release their grip on the ice beast.
The ice beast closely misses you.
You thump metalburner8's ghost!
Your weapon exudes an aura of protection.
Metalburner8's ghost is severely damaged.
You feel sick. You block the ice beast's attack.
Metalburner8's ghost hits you but does no damage.
You are more poisoned.
The ice beast hits you. The ice beast freezes you. You resist.
You block the ice beast's attack.
It was a potion of enlightenment.
You feel more buoyant.
You feel very sick.
You block metalburner8's ghost's attack.
The ice beast hits you but does no damage.
You block the ice beast's attack.
Okay, then.
As you read the scroll of teleportation, it crumbles to dust.
You feel strangely unstable.
You feel very sick.
You block metalburner8's ghost's attack.
The ice beast hits you.
* * * LOW HITPOINT WARNING * * *
The ice beast freezes you! You resist.
* * * LOW HITPOINT WARNING * * *
You block the ice beast's attack.
You hit metalburner8's ghost. Your bite misses metalburner8's ghost.
Metalburner8's ghost is severely damaged.
* * * LOW HITPOINT WARNING * * *
You feel sick. Metalburner8's ghost misses you.
The ice beast hits you but does no damage.
The ice beast closely misses you.
Metalburner8's ghost says, "An ice sculpture of you would look very nice here."
Metalburner8's ghost hits you.
* * * LOW HITPOINT WARNING * * *
You are more poisoned.
You hit metalburner8's ghost but do no damage.
Metalburner8's ghost is severely damaged.
Your surroundings suddenly seem different.
You die...

#......#.#.#..#####.######.
######.##.#........####..#.#####
##......#....#.#.#........#.###
#.............................#
#.[...................###.#.#.###
#..#######.######..##.###.#.#....
#..# ### #..##<......##### #..#
#######......<......... #..######
#.....@...[..##.####### ........#
#.#####.###...........# #..####.#
#.# #<.........###... #..####.#
#.# #####....#..#..#. #.......#
#.# #...###...### #..####.###.##
#....#..#..#. #..# ##.##...##
#......##....
#..###....#.#.#######..##.#..##..
.......#...............#....#....


There were no monsters in sight!

Vanquished Creatures
  Pikel (D:4)
  Eustachio (D:6)
  2 water moccasins
  2 black bears (D:6)
  An ogre (D:6)
  4 bullfrogs
  2 scorpions
  3 killer bees (D:8)
  2 bombardier beetles
  5 hounds
  3 jellies
  4 orc priests
  Crazy Yiuf (D:2)
  2 iguanas
  6 orc wizards
  2 sleepcaps
  Natasha (thrice) (D:2)
  4 gnolls (D:3)
  3 adders
  2 white imps (D:6)
  3 ribbon worms
  3 dart slugs
  17 orcs
  6 ball pythons
  12 bats
  3 endoplasms (D:1)
  2 giant cockroaches (D:2)
  4 goblins
  9 hobgoblins
  6 jackals (D:2)
  2 frilled lizards
  7 kobolds
  8 rats
135 creatures vanquished.

Vanquished Creatures (collateral kills)
  A bullfrog (D:7)
  2 killer bees (D:8)
3 creatures vanquished.

Vanquished Creatures (others)
  3 ancestors
  A shadow imp (D:6)
4 creatures vanquished.

Grand Total: 142 creatures vanquished

Notes
Turn   | Place    | Note
-------+----------+-------------------------------------------
     0 | D:1      | 601d51SH the Gnoll Brigand began the quest for the Orb.
     0 | D:1      | Reached XP level 1. HP: 20/20 MP: 1/1
   105 | D:1      | Found a faded altar of an unknown god.
   131 | D:1      | Reached XP level 2. HP: 20/26 MP: 2/2
   654 | D:2      | Reached XP level 3. HP: 18/31 MP: 3/3
   739 | D:2      | Reached skill level 1 in Invocations
   844 | D:2      | Reached skill level 1 in Long Blades
   844 | D:2      | Reached skill level 1 in Axes
   844 | D:2      | Reached skill level 1 in Maces & Flails
   844 | D:2      | Reached skill level 1 in Polearms
   844 | D:2      | Reached skill level 1 in Staves
   844 | D:2      | Reached skill level 1 in Ranged Weapons
   844 | D:2      | Reached skill level 1 in Armour
   844 | D:2      | Reached skill level 1 in Shields
   844 | D:2      | Reached skill level 1 in Unarmed Combat
   844 | D:2      | Reached skill level 1 in Spellcasting
   844 | D:2      | Reached skill level 1 in Evocations
   876 | D:2      | Reached skill level 1 in Shapeshifting
   876 | D:2      | Reached XP level 4. HP: 16/38 MP: 5/5
  1238 | D:2      | Noticed Natasha
  1256 | D:2      | HP: 1/38 [Natasha (4)]
  1257 | D:2      | Killed Natasha
  1258 | D:2      | Reached skill level 1 in Conjurations
  1258 | D:2      | Reached skill level 1 in Hexes
  1258 | D:2      | Reached skill level 1 in Summonings
  1258 | D:2      | Reached skill level 1 in Necromancy
  1258 | D:2      | Reached skill level 1 in Translocations
  1258 | D:2      | Reached skill level 1 in Fire Magic
  1258 | D:2      | Reached skill level 1 in Ice Magic
  1258 | D:2      | Reached skill level 1 in Air Magic
  1258 | D:2      | Reached skill level 1 in Earth Magic
  1258 | D:2      | Reached skill level 1 in Alchemy
  1436 | D:2      | Identified the +8 hammer of Freehold {protect, rF+ rN+
                  | rCorr}
  1445 | D:2      | Found a runed translucent door.
  1446 | D:2      | Noticed Crazy Yiuf
  1454 | D:2      | Killed Crazy Yiuf
  1455 | D:2      | Reached XP level 5. HP: 28/43 MP: 5/7
  1577 | D:2      | Noticed Natasha
  1583 | D:2      | Killed Natasha
  1591 | D:2      | Noticed Natasha
  1595 | D:2      | Killed Natasha
  1718 | D:3      | Reached skill level 8 in Stealth
  1718 | D:3      | Reached XP level 6. HP: 44/50 MP: 8/8
  1878 | D:3      | Reached skill level 5 in Fighting
  1878 | D:3      | Reached skill level 5 in Short Blades
  1878 | D:3      | Reached skill level 5 in Throwing
  2568 | D:4      | Found a hide-covered altar of Uskayaw.
  2860 | D:4      | Reached XP level 7. HP: 54/56 MP: 10/10
  3020 | D:4      | Noticed Pikel
  3040 | D:4      | Killed Pikel
  3041 | D:4      | Reached XP level 8. HP: 39/63 MP: 6/12
  3436 | D:4      | Found an ornate altar of the Wu Jian Council.
  3490 | D:5      | Entered Level 5 of the Dungeon
  4253 | D:6      | Found a staircase to the Ecumenical Temple.
  4263 | D:6      | Noticed Eustachio
  4265 | Temple   | Entered the Ecumenical Temple
  4337 | Temple   | Became a worshipper of Hepliaklqana the Forgotten
  4404 | D:6      | Killed Eustachio
  4720 | D:6      | Found a transporter.
  4721 | D:6      | Noticed a gargoyle
  4723 | D:6      | Noticed metalburner8's ghost (novice DrIE)
  4729 | D:6      | Found a transporter.
  4781 | D:6      | Reached XP level 9. HP: 69/69 MP: 14/14
  4827 | D:6      | Identified 3 scrolls of acquirement
  4839 | D:6      | Found a blossoming altar of Fedhas.
  5042 | D:6      | Found a white marble altar of Elyvilon.
  5207 | D:6      | Reached * piety under Hepliaklqana
  5306 | D:7      | Reached skill level 5 in Dodging
  5308 | D:7      | Found a runed translucent door.
  5314 | D:7      | Found a basalt altar of Yredelemnul.
  5344 | D:7      | Reached skill level 9 in Stealth
  6220 | D:8      | Identified the +3 leather armour of an ice cave {rElec
                  | Int+3 Dex-4 Stlth+}
  6224 | D:8      | Found a sparkling altar of Nemelex Xobeh.
  6243 | D:8      | Reached skill level 5 in Invocations
  6738 | D:6      | Succumbed to metalburner8's ghost's poison

Illustrated notes

Levels and vault maps discovered:
D:1:      ncdulo_halloftheorcs, layout_rooms, nicolae_ecumenical_snake_handling
D:2:      layout_rooms, uniq_natasha, uniq_crazy_yiuf_cottage
D:3:      layout_basic, hangedman_decor_points, serial_bayou_ford_a,
          chequers_serial_rivers_micro_c
D:4:      layout_loops_corners, nzn_wu_jian_council_hall, amcnicky_altar_gilded,
          uniq_pikel
D:5:      layout_loops_ring, roderic_batcave
D:6:      layout_loops_ring, mainiacjoe_overflow_alcove_4,
          mainiacjoe_overflow_catwalk, minmay_temple_entry_arrows, serial_glass,
          glass_columns_b, glass_columns_b, due_unseen_surprise,
          minmay_strange_pillars, minmay_strange_pillars, gammafunk_ghost_arena,
          reono_crystal_passage, uniq_eustachio
D:7:      layout_loops_corners, dk_yredelemnul_ordeal, hellmonk_no_cap
D:8:      layout_loops_ring, nicolae_overflow_crystal_walls
Temple:   nicolae_temple_bog_church

Skill      XL: |  1  2  3  4  5  6  7  8  9 |
---------------+----------------------------+-----
Invocations    | 1 2 3 4 5 |  5.1
Long Blades    | 1 2 3 4 |  4.6
Axes           | 1 2 3 4 |  4.6
Maces & Flails | 1 2 3 4 |  4.6
Polearms       | 1 2 3 4 |  4.6
Staves         | 1 2 3 4 |  4.6
Ranged Weapons | 1 2 3 4 |  4.6
Armour         | 1 2 3 4 |  4.6
Shields        | 1 2 3 4 |  4.6
Unarmed Combat | 1 2 3 4 |  4.6
Spellcasting   | 1 2 3 4 |  4.6
Evocations     | 1 2 3 4 |  4.6
Shapeshifting  | 1 2 3 4 |  4.2
Conjurations   | 1 2 3 |  3.8
Hexes          | 1 2 3 |  3.8
Summonings     | 1 2 3 |  3.8
Necromancy     | 1 2 3 |  3.8
Translocations | 1 2 3 |  3.8
Fire Magic     | 1 2 3 |  3.8
Ice Magic      | 1 2 3 |  3.8
Air Magic      | 1 2 3 |  3.8
Earth Magic    | 1 2 3 |  3.8
Alchemy        | 1 2 3 |  3.8
Dodging        | 3 4 5 |  5.4
Stealth        | 8 9 |  9.1
Fighting       | 5 6 |  6.6
Short Blades   | 5 6 |  6.6
Throwing       | 5 6 |  6.6

Action                     |  1- 3 |  4- 6 |  7- 9 || total
---------------------------+-------+-------+-------++-------
  Melee: Dagger            |   152 |    49 |       ||   201
         Bite              |    18 |    13 |    22 ||    53
         Punch             |     1 |       |       ||     1
         Mace              |       |    87 |   272 ||   359
  Evoke: Wand              |       |       |     2 ||     2
    Use: Scroll            |       |     3 |     6 ||     9
         Potion            |       |       |     2 ||     2
   Stab: Sleeping          |     3 |     4 |     7 ||    14
         Distracted        |       |     1 |       ||     1
 Armour: Robe              |     6 |       |       ||     6
         Ring mail         |     7 |       |       ||     7
         Scale mail        |    98 |   128 |   265 ||   491
         Leather armour    |       |       |   197 ||   197
  Dodge: Dodged            |   103 |    46 |   297 ||   446
  Block: Kite shield       |       |    54 |   320 ||   374
